[Event "Titled Tuesday Blitz June 27 Early 2023"]
[White "Rosh Jain"]
[Black "djokovic74"]
[WhiteFideId "25789465"]
[WhiteElo "2339"]
[BlackElo "2686"]
[Result "0-1"]
[Round "10"]
[TimeControl "180+2"]
[Date "2023.06.27"]
[WhiteClock "0:00:00"]
[BlackClock "0:00:02"]
[Board "31"]

1. e4 e6 2. d4 d5 3. Nc3 Nf6 4. Bg5 Be7 5. e5 Nfd7 6. Bxe7 Qxe7 7. f4 a6 8. Qg4 O-O 9. h4 c5 10. Nf3 Nc6 11. dxc5 Nxc5 12. Bd3 Nxd3+ 13. cxd3 Nb4 14. O-O-O b5 15. Rh3 f5 16. Qg5 Qc7 17. Kb1 d4 18. Nxd4 Rd8 19. Nb3 Bb7 20. Rg3 Rd7 21. Qf6 Qb6 22. h5 Rf8 23. Qg5 a5 24. d4 Rfd8 25. h6 g6 26. Qf6 Rf7 27. Qg5 Na6 28. Nc5 Nxc5 29. dxc5 Rxd1+ 30. Nxd1 Be4+ 31. Ka1 Qc7 32. Nc3 Rd7 33. a3 b4 34. Qf6 bxc3 0-1


[Site "https://www.chess.com"]

[Event "Titled Tuesday Blitz June 27 Early 2023"]
[White "Pranav, V"]
[Black "Mickiewicz, Piotr"]
[WhiteFideId "25060783"]
[BlackFideId "1114891"]
[WhiteElo "3007"]
[BlackElo "2431"]
[Result "0-1"]
[Round "10"]
[TimeControl "180+2"]
[Date "2023.06.27"]
[WhiteClock "0:00:02"]
[BlackClock "0:00:42"]
[Board "32"]

1. e4 e5 2. Nf3 Nc6 3. Bb5 a6 4. Ba4 Nf6 5. O-O Be7 6. d3 b5 7. Bb3 d6 8. c3 O-O 9. a4 Bb7 10. Nbd2 Nb8 11. Re1 Nbd7 12. Bc2 c5 13. Nf1 Re8 14. Ng3 g6 15. h3 Bf8 16. Bg5 h6 17. Bd2 Bg7 18. Nh2 h5 19. Nf3 Qc7 20. Ng5 c4 21. d4 d5 22. axb5 axb5 23. Rxa8 Bxa8 24. dxe5 Nxe5 25. exd5 Bxd5 26. N3e4 Qc6 27. Bf4 Nxe4 28. Bxe4 Bxe4 29. Rxe4 Nd3 30. Qf3 Rxe4 31. Nxe4 f5 32. Nd6 Qxf3 33. gxf3 Nxb2 34. Nxb5 Na4 35. Bd2 Kf7 36. Nd6+ Ke6 37. Nxc4 Bxc3 38. Bg5 Nc5 39. Be3 Nd3 40. Kf1 Be5 41. Ke2 Nb4 42. f4 Bc7 43. Kf3 Kd5 44. Nd2 Nc2 45. Nf1 Ne1+ 46. Ke2 Ng2 47. Kf3 Nh4+ 48. Ke2 Ng2 49. Kf3 Ne1+ 50. Kg3 Nc2 51. Kg2 Ke4 52. Ng3+ Kd3 53. Kf3 Ne1# 0-1


[Site "https://www.chess.com"]

[Event "Titled Tuesday Blitz June 27 Early 2023"]
[White "Schnaider, Ilan"]
[Black "Vokhidov, Shamsiddin"]
[WhiteFideId "169013"]
[BlackFideId "14204223"]
[WhiteElo "2658"]
[BlackElo "2901"]
[Result "1-0"]
[Round "10"]
[TimeControl "180+2"]
[Date "2023.06.27"]
[WhiteClock "0:00:06"]
[BlackClock "0:00:15"]
[Board "33"]

1. e4 Nf6 2. e5 Nd5 3. d4 d6 4. Nf3 dxe5 5. Nxe5 c6 6. c3 Bf5 7. Bd3 Bxd3 8. Qxd3 g6 9. Qf3 f6 10. Nd3 Nd7 11. O-O Bg7 12. c4 Nc7 13. b3 O-O 14. Bb2 e5 15. dxe5 fxe5 16. Qe3 e4 17. Bxg7 Kxg7 18. Qxe4 Qf6 19. Nd2 Rae8 20. Qf3 Qc3 21. Qg3 Ne6 22. Ne4 Qd4 23. Nd6 Rb8 24. Rad1 Qf6 25. Rfe1 Nd4 26. Ne4 Qf5 27. Nd6 Qf6 28. Ne4 Qf5 29. Qd6 Nc2 30. Ng3 Qg4 31. Re7+ Kg8 32. f3 Qh4 33. Qxd7 Rbd8 34. Qe6+ Kh8 35. Qe5+ Qf6 36. Nf2 Qxe5 37. Rxe5 Nd4 38. Re4 c5 39. b4 b6 40. bxc5 bxc5 41. Nd3 Rf6 42. Kf2 Ra6 43. Nxc5 Rxa2+ 44. Kf1 Rc8 45. Rdxd4 Rxc5 46. Rd7 Rc8 47. Ree7 Rb8 48. Rxh7+ Kg8 49. Rdg7+ Kf8 50. Rh8+ Kxg7 51. Rxb8 a5 52. c5 Rc2 53. Rc8 a4 54. Ra8 Ra2 55. c6 Rc2 56. Rxa4 Rxc6 57. Re4 Kf6 58. Kf2 Rc2+ 59. Ne2 Rc6 60. h4 Kf5 61. Nd4+ Kf6 62. Nxc6 1-0


[Site "https://www.chess.com"]

[Event "Titled Tuesday Blitz June 27 Early 2023"]
[White "Karttunen, Mika"]
[Black "Baskakov, Egor"]
[WhiteFideId "502081"]
[BlackFideId "24197866"]
[WhiteElo "2652"]
[BlackElo "2885"]
[Result "0-1"]
[Round "10"]
[TimeControl "180+2"]
[Date "2023.06.27"]
[WhiteClock "0:00:00"]
[BlackClock "0:00:05"]
[Board "34"]

1. e4 c5 2. Nf3 Nf6 3. e5 Nd5 4. Nc3 e6 5. Bc4 Nb6 6. d3 Nc6 7. Bg5 Qc7 8. Nb5 Qb8 9. Bf4 a6 10. Nd6+ Bxd6 11. exd6 Nxc4 12. dxc4 b5 13. Ne5 Nxe5 14. Bxe5 O-O 15. Qg4 f6 16. Bg3 bxc4 17. O-O-O c3 18. b3 a5 19. Qc4 a4 20. Qxc3 axb3 21. axb3 Qb5 22. Kb2 Bb7 23. f3 Bd5 24. Ra1 c4 25. b4 Rab8 26. Rhb1 Qb6 27. Qd2 c3+ 28. Qxc3 Rfc8 29. Qd2 Rc4 30. c3 Rbc8 31. Ra3 h5 32. Rba1 h4 33. Bf2 Qxd6 34. h3 Qe5 35. Bd4 Qh2 36. Rd1 Qc7 37. Ra5 Bc6 38. Rc1 d5 39. Bf2 Be8 40. Bc5 Rb8 41. Ka1 Bf7 42. Ra7 Qc6 43. Re1 e5 44. Rd1 d4 45. cxd4 exd4 46. Rxf7 Kxf7 47. Qa2 Qd5 48. Qa7+ Rb7 49. Qa2 Kg6 50. Qb1+ Kh6 51. Qa2 g5 52. Re1 Kg6 53. Re8 d3 54. Re1 d2 55. Rd1 Rc1+ 0-1


[Site "https://www.chess.com"]

[Event "Titled Tuesday Blitz June 27 Early 2023"]
[White "Molina, Roberto Junio Brito"]
[Black "Florescu, Codrut-Constantin"]
[WhiteFideId "2109450"]
[BlackFideId "1202200"]
[WhiteElo "2828"]
[BlackElo "2651"]
[Result "1-0"]
[Round "10"]
[TimeControl "180+2"]
[Date "2023.06.27"]
[WhiteClock "0:00:48"]
[BlackClock "0:00:13"]
[Board "35"]

1. e4 c5 2. Nf3 e6 3. d4 cxd4 4. Nxd4 Nf6 5. Nc3 d6 6. Be3 a6 7. f3 b5 8. Qd2 h5 9. a3 Bb7 10. O-O-O Nbd7 11. Kb1 Rc8 12. Nb3 Be7 13. h3 h4 14. Be2 Ne5 15. Bd4 Qc7 16. Qe3 Nfd7 17. Qf2 Ba8 18. f4 Nc4 19. Bxg7 Rg8 20. Bd4 e5 21. fxe5 dxe5 22. Rhf1 f6 23. Bh5+ Kd8 24. Bf7 Rf8 25. Bxc4 exd4 26. Be6 dxc3 27. Bxd7 Qxd7 28. Rxd7+ Kxd7 29. Rd1+ Ke8 30. Qxh4 cxb2 31. Qh5+ Rf7 32. e5 Be4 33. e6 Bxc2+ 34. Kxb2 1-0


[Site "https://www.chess.com"]

[Event "Titled Tuesday Blitz June 27 Early 2023"]
[White "Weishaeutel, Moritz"]
[Black "Ohanyan, Emin"]
[WhiteFideId "12967300"]
[BlackFideId "13312022"]
[WhiteElo "2647"]
[BlackElo "2804"]
[Result "1-0"]
[Round "10"]
[TimeControl "180+2"]
[Date "2023.06.27"]
[WhiteClock "0:00:08"]
[BlackClock "0:00:02"]
[Board "36"]

1. e4 e5 2. Nf3 Nc6 3. c3 Nf6 4. d4 exd4 5. e5 Nd5 6. Qb3 Nb6 7. cxd4 d6 8. Nc3 dxe5 9. dxe5 Be6 10. Qc2 Be7 11. Bb5 O-O 12. Bxc6 bxc6 13. O-O c5 14. Rd1 Qc8 15. Bg5 Bxg5 16. Nxg5 Bf5 17. Qe2 h6 18. Nge4 c4 19. h3 Re8 20. f4 Rb8 21. Qf3 Qb7 22. Rd2 f6 23. g4 Bh7 24. Rad1 f5 25. gxf5 Bxf5 26. Rd8 Kh8 27. Rxe8+ Rxe8 28. Qh5 Rf8 29. Nf6 Bc2 30. Rd2 Bd3 31. Rg2 c5 32. Ne8 Qf7 33. Nxg7 Qxh5 34. Nxh5 Rf5 35. Nf6 Rxf6 36. exf6 Nd7 37. Nd5 Be4 38. Rg7 Nf8 39. Ne7 Ne6 40. Ng6+ Bxg6 41. Rxg6 Nxf4 42. Rxh6+ Kg8 43. Rh4 Ne2+ 44. Kf2 c3 45. bxc3 Nxc3 46. Rc4 Kf7 47. Rxc3 1-0


[Site "https://www.chess.com"]

[Event "Titled Tuesday Blitz June 27 Early 2023"]
[White "Lorparizangeneh, Shahin"]
[Black "Jaskolka, Tomasz"]
[WhiteFideId "12521604"]
[BlackFideId "1170791"]
[WhiteElo "2742"]
[BlackElo "2626"]
[Result "0-1"]
[Round "10"]
[TimeControl "180+2"]
[Date "2023.06.27"]
[WhiteClock "0:00:43"]
[BlackClock "0:00:18"]
[Board "37"]

1. e4 d5 2. exd5 Nf6 3. d4 Bg4 4. Be2 Bxe2 5. Qxe2 Qxd5 6. Nf3 Nc6 7. Be3 e6 8. O-O Be7 9. c4 Qh5 10. Nc3 O-O 11. Rad1 Rad8 12. Rfe1 Bb4 13. Rd3 Rfe8 14. Red1 Bxc3 15. Rxc3 e5 16. d5 Ne7 17. Bg5 e4 18. Bxf6 exf3 19. Qe5 Qg6 20. Rxf3 gxf6 21. Qxc7 Kh8 22. Qxb7 Nf5 23. Qxa7 Rg8 24. g3 Qg4 25. Qa3 Nh4 26. Rfd3 Qh3 0-1


[Site "https://www.chess.com"]

[Event "Titled Tuesday Blitz June 27 Early 2023"]
[White "Ahmad, Khagan"]
[Black "Tanenbaum, Zachary"]
[WhiteFideId "13431552"]
[BlackFideId "2060850"]
[WhiteElo "2623"]
[BlackElo "2732"]
[Result "1-0"]
[Round "10"]
[TimeControl "180+2"]
[Date "2023.06.27"]
[WhiteClock "0:00:09"]
[BlackClock "0:00:02"]
[Board "38"]

1. e4 e5 2. Nf3 Nc6 3. Bb5 a6 4. Ba4 d6 5. d4 b5 6. Bb3 Nxd4 7. Nxd4 exd4 8. Bd5 Rb8 9. Qxd4 Nf6 10. Bg5 Be7 11. Bc6+ Bd7 12. Bxd7+ Qxd7 13. Nc3 O-O 14. e5 Qe6 15. f4 c5 16. Qe3 Ng4 17. Qe2 Bxg5 18. fxg5 Qxe5 19. Qxe5 Nxe5 20. O-O-O Rbd8 21. Ne4 Nc4 22. b3 Ne3 23. Rd2 Rd7 24. Nxc5 Ra7 25. Rxd6 Nxg2 26. Rxa6 Rc7 27. b4 Nf4 28. Rd1 g6 29. Rd7 Rxd7 30. Nxd7 Rd8 31. Nf6+ Kg7 32. Rb6 Nd5 33. Rxb5 Nxf6 34. gxf6+ Kxf6 35. a4 g5 36. a5 h5 37. a6 h4 38. a7 Ra8 39. Ra5 g4 40. Ra3 g3 41. hxg3 h3 42. g4 h2 43. Rh3 Rxa7 44. Rxh2 Kg5 45. Rg2 Ra4 46. c3 Ra6 47. Kb2 Rf6 48. Kb3 Rf3 49. b5 Rf1 50. c4 Rb1+ 51. Rb2 Ra1 52. b6 Ra8 53. c5 Kxg4 54. Kc4 f5 55. b7 Rb8 56. c6 f4 57. c7 Rxb7 58. c8=Q+ Rd7 59. Qxd7+ Kg3 60. Qg7+ Kf3 61. Qg2+ Ke3 62. Qe2# 1-0


[Site "https://www.chess.com"]

[Event "Titled Tuesday Blitz June 27 Early 2023"]
[White "Girya, Olga"]
[Black "Quintiliano Pinto, Renato R."]
[WhiteFideId "4195752"]
[BlackFideId "2117568"]
[WhiteElo "2615"]
[BlackElo "2715"]
[Result "1-0"]
[Round "10"]
[TimeControl "180+2"]
[Date "2023.06.27"]
[WhiteClock "0:00:13"]
[BlackClock "0:00:08"]
[Board "39"]

1. d4 Nf6 2. Nf3 e6 3. c4 b6 4. g3 Bb7 5. Bg2 Bb4+ 6. Bd2 a5 7. O-O O-O 8. a3 Bxd2 9. Qxd2 d6 10. Qd3 Be4 11. Qe3 Nbd7 12. Nc3 Bb7 13. Qd3 Qe7 14. e4 e5 15. Nd5 Qd8 16. dxe5 Nxe5 17. Nxe5 dxe5 18. Rfd1 Bxd5 19. cxd5 Qd6 20. Rac1 Rfd8 21. Qb5 Ne8 22. Rc6 Qe7 23. Rdc1 Rd6 24. Bh3 Rad8 25. b4 axb4 26. Qxb4 Kf8 27. Qb2 Rxc6 28. Rxc6 g6 29. Bg2 Rd6 30. Rc3 h5 31. h4 Rd8 32. Qc1 Ra8 33. Bf1 Ra7 34. Bb5 Nd6 35. Bd3 Kg7 36. Kg2 Qd7 37. f3 Qe7 38. Rc6 Ne8 39. Rc3 Qd6 40. Be2 Nf6 41. Bb5 Qe7 42. a4 Qd6 43. Qc2 Qe7 44. Qc1 Ng8 45. Qc2 f6 46. Rc6 Nh6 47. Re6 Qf7 48. Qc6 Ng8 49. Re8 Nh6 50. Rd8 Ng8 51. Rd7 Ne7 52. Qe6 Qxe6 53. dxe6 Kf8 54. Rd8+ Kg7 55. Re8 Ng8 56. e7 Nxe7 57. Rxe7+ Kh6 58. Rf7 f5 59. exf5 gxf5 60. Rf6+ Kg7 61. Rxf5 c6 62. Bxc6 Rc7 63. Bb5 Rc2+ 64. Kh3 Rc5 65. Rg5+ Kf6 66. Rxh5 Rc3 67. Rg5 Rxf3 68. Rg8 Ke7 69. Rg7+ Kf6 70. Rb7 Rf2 71. Rxb6+ Kf5 72. h5 e4 73. h6 e3 74. h7 1-0


[Site "https://www.chess.com"]

[Event "Titled Tuesday Blitz June 27 Early 2023"]
[White "Gedajlovic, Max"]
[Black "Gubajdullin, Alexei"]
[WhiteFideId "2616840"]
[BlackFideId "4141202"]
[WhiteElo "2705"]
[BlackElo "2602"]
[Result "0-1"]
[Round "10"]
[TimeControl "180+2"]
[Date "2023.06.27"]
[WhiteClock "0:00:08"]
[BlackClock "0:00:26"]
[Board "40"]

1. d4 f5 2. Bg5 c6 3. e3 Qb6 4. Bd3 g6 5. Nf3 Qxb2 6. Nbd2 Qb6 7. h4 Bg7 8. h5 h6 9. hxg6 hxg5 10. Rxh8 Bxh8 11. Nxg5 Bg7 12. Bxf5 Qa5 13. Qf3 Nh6 14. g4 e6 15. Nf7 Nxf7 16. gxf7+ Kf8 17. Bd3 c5 18. Ke2 cxd4 19. Rh1 Nc6 20. Nc4 Qd5 21. e4 Qc5 22. Rh5 d5 23. Qh3 Qe7 24. Rh8+ Bxh8 25. Qxh8+ Kxf7 26. Qh5+ Kg8 27. Nd2 Bd7 28. Nf3 Rf8 29. e5 Qf7 30. Qg5+ Qg7 31. Qh5 Rxf3 32. Kxf3 Nxe5+ 33. Ke2 Qxg4+ 34. Qxg4+ Nxg4 35. f4 Kf7 36. Kf3 Nh6 37. Kg3 Kf6 38. Kh4 Nf5+ 39. Kh5 b5 40. a3 a5 41. Kg4 b4 42. axb4 a4 43. Kf3 a3 0-1


[Site "https://www.chess.com"]

[Event "Titled Tuesday Blitz June 27 Early 2023"]
[White "Mendez Fortes, Eduardo Jesus"]
[Black "Hambleton, Aman"]
[WhiteFideId "3502376"]
[BlackFideId "2606577"]
[WhiteElo "2596"]
[BlackElo "2700"]
[Result "0-1"]
[Round "10"]
[TimeControl "180+2"]
[Date "2023.06.27"]
[WhiteClock "0:00:07"]
[BlackClock "0:00:17"]
[Board "41"]

1. e4 b6 2. d4 Bb7 3. Nc3 e6 4. Bd3 Nf6 5. Bd2 Bb4 6. Nge2 d5 7. e5 Ng8 8. Ng3 g6 9. h4 h5 10. Qf3 Ba6 11. Nge2 Bxd3 12. cxd3 Nc6 13. a3 Be7 14. g3 Qd7 15. O-O Nh6 16. Bxh6 Rxh6 17. Qe3 Rh8 18. f4 a5 19. Rfc1 a4 20. Kg2 Na5 21. Rc2 Nb3 22. Rd1 c5 23. dxc5 bxc5 24. d4 Kf8 25. Qf3 cxd4 26. Nxd4 Nxd4 27. Rxd4 Kg7 28. Na2 Rhc8 29. Rdd2 Qb5 30. Nc3 Qb3 31. Qd3 Rc4 32. f5 gxf5 33. Qe3 Rac8 34. Rc1 Rg4 35. Kh3 Rcc4 36. Rcd1 f4 37. gxf4 Rxh4+ 38. Kg3 Rg4+ 39. Kf3 Rcxf4+ 40. Qxf4 Rxf4+ 41. Kxf4 Qc4+ 42. Kf3 Qg4+ 43. Kf2 Bh4+ 44. Ke3 Bg5+ 45. Kf2 Bxd2 46. Rg1 Be3+ 47. Kxe3 Qxg1+ 0-1


[Site "https://www.chess.com"]

[Event "Titled Tuesday Blitz June 27 Early 2023"]
[White "Lavrik, Dmitry"]
[Black "Fonseca Manrique, Enrique"]
[WhiteFideId "24113190"]
[BlackFideId "5114330"]
[WhiteElo "2700"]
[BlackElo "2583"]
[Result "1-0"]
[Round "10"]
[TimeControl "180+2"]
[Date "2023.06.27"]
[WhiteClock "0:00:59"]
[BlackClock "0:00:24"]
[Board "42"]

1. c4 e5 2. g3 Nf6 3. Bg2 Nc6 4. Nf3 h6 5. d3 Bb4+ 6. Nbd2 a5 7. O-O O-O 8. a3 Bc5 9. b3 d6 10. Bb2 Bf5 11. Qc2 Qc8 12. Rfe1 Ng4 13. e3 Re8 14. h3 Nf6 15. Kh2 Bb6 16. Ne4 Nxe4 17. dxe4 Be6 18. Nh4 Qd8 19. Rad1 Qf6 20. f4 Nb8 21. c5 Bxc5 22. fxe5 Qe7 23. Nf5 Bxf5 24. exf5 dxe5 25. f6 gxf6 26. Qf5 Qf8 27. Bxb7 Ra7 28. Be4 Qg7 29. Rc1 Bb6 30. Rc4 Na6 31. Bc6 Qf8 32. Rg4+ Kh8 33. Qxf6+ 1-0


[Site "https://www.chess.com"]

[Event "Titled Tuesday Blitz June 27 Early 2023"]
[White "Sargsyan, Anna M."]
[Black "Korchmar, Vasiliy"]
[WhiteFideId "13308130"]
[BlackFideId "24131750"]
[WhiteElo "2572"]
[BlackElo "2691"]
[Result "0-1"]
[Round "10"]
[TimeControl "180+2"]
[Date "2023.06.27"]
[WhiteClock "0:00:02"]
[BlackClock "0:00:27"]
[Board "43"]

1. d4 d5 2. c4 c6 3. cxd5 cxd5 4. Bf4 Nf6 5. e3 Nc6 6. Nc3 Bg4 7. f3 Bd7 8. Bd3 e6 9. Nge2 Be7 10. O-O O-O 11. Rc1 Rc8 12. Qe1 Na5 13. h4 Nh5 14. Bg3 Nxg3 15. Qxg3 Bxh4 16. Qh2 g6 17. g3 Bg5 18. f4 Bf6 19. Kf2 h5 20. Rh1 Kg7 21. g4 Rh8 22. gxh5 Rxh5 23. Qg2 Bh4+ 24. Kf3 Nc4 25. Ng3 Rh6 26. Rcg1 b5 27. Nh5+ Kf8 28. Ng3 b4 29. Nd1 Nd6 30. Nf1 Bb5 31. Bxb5 Nxb5 32. Qd2 a5 33. Nh2 Nd6 34. Ng4 Ne4 35. Qd3 Rh5 36. Qa6 Rc2 37. Rg2 Nd2+ 38. Rxd2 Rxd2 39. Ne5 Kg7 40. Qc6 Qf6 41. Qc1 Qf5 42. Qxd2 Qe4+ 43. Ke2 Qxh1 44. Qc1 Bf6 45. Kd3 Bxe5 46. dxe5 Qe4+ 47. Kd2 Rh2+ 48. Ke1 Qh1# 0-1


[Site "https://www.chess.com"]

[Event "Titled Tuesday Blitz June 27 Early 2023"]
[White "Bauman_Guy"]
[Black "Yeritsyan, Hayk"]
[BlackFideId "13307320"]
[WhiteElo "2683"]
[BlackElo "2496"]
[Result "1-0"]
[Round "10"]
[TimeControl "180+2"]
[Date "2023.06.27"]
[WhiteClock "0:02:02"]
[BlackClock "0:00:05"]
[Board "44"]

1. e4 c6 2. d4 d5 3. e5 c5 4. dxc5 e6 5. Nf3 Bxc5 6. a3 Ne7 7. Bd3 Nbc6 8. O-O Ng6 9. b4 Bb6 10. Bb2 O-O 11. c4 dxc4 12. Bxc4 Qxd1 13. Rxd1 Rd8 14. Nbd2 Bc7 15. Ne4 Bd7 16. Nd6 Bxd6 17. Rxd6 Be8 18. Rad1 Rxd6 19. Rxd6 Rd8 20. Rxd8 Nxd8 21. g3 Kf8 22. h4 Bc6 23. Nd2 h5 24. b5 Bd7 25. Ne4 Ne7 26. Nd6 Nf5 27. a4 Nxd6 28. Ba3 Ke8 29. Bxd6 a6 30. bxa6 bxa6 31. a5 Nc6 32. Bc7 Nb4 33. Be2 Bb5 34. Bxh5 g6 35. Bf3 Kd7 36. Bb6 Nd5 37. Bd4 Nb4 38. g4 Bc6 39. Be2 Bb5 40. Bxb5+ axb5 41. h5 gxh5 42. gxh5 Nd5 43. h6 Ne7 44. h7 Ng6 45. a6 Kc6 46. a7 Kb7 47. Kg2 b4 48. Kg3 b3 49. Kg4 b2 50. Bxb2 Kxa7 51. Kg5 Kb7 52. Kf6 Kc7 53. Kxf7 1-0


[Site "https://www.chess.com"]

[Event "Titled Tuesday Blitz June 27 Early 2023"]
[White "Eugene, Floryan"]
[Black "Miszler, Levente"]
[WhiteFideId "20694784"]
[BlackFideId "763276"]
[WhiteElo "2677"]
[BlackElo "2490"]
[Result "1-0"]
[Round "10"]
[TimeControl "180+2"]
[Date "2023.06.27"]
[WhiteClock "0:00:43"]
[BlackClock "0:01:05"]
[Board "45"]

1. d4 Nf6 2. c4 e6 3. g4 d5 4. g5 Ne4 5. Bg2 Nxg5 6. Nc3 c6 7. h4 Ne4 8. Nxe4 dxe4 9. Bxe4 Bb4+ 10. Kf1 Nd7 11. Nf3 Nf6 12. Bc2 Qc7 13. Rg1 g6 14. Ne5 Bd6 15. Bf4 Nd7 16. c5 Bxe5 17. dxe5 Nxc5 18. Qd4 b6 19. b4 Nd7 20. h5 Bb7 21. Bg5 c5 22. Qf4 cxb4 23. Ba4 Bc6 24. Rc1 Nc5 25. Qf6 Bxa4 26. Qxh8+ Kd7 27. Qxa8 Qxe5 28. Qxa7+ Kc6 29. Qxa4+ 1-0


[Site "https://www.chess.com"]

[Event "Titled Tuesday Blitz June 27 Early 2023"]
[White "whiteglovethief"]
[Black "Liyanage, Ranindu Dilshan"]
[BlackFideId "9915834"]
[WhiteElo "2472"]
[BlackElo "2672"]
[Result "1-0"]
[Round "10"]
[TimeControl "180+2"]
[Date "2023.06.27"]
[WhiteClock "0:00:37"]
[BlackClock "0:00:58"]
[Board "46"]

1. d4 e6 2. e4 g6 3. Nc3 Bg7 4. f4 a6 5. Nf3 d6 6. Bd3 b5 7. O-O Ne7 8. Qe1 c5 9. dxc5 dxc5 10. e5 Bb7 11. Ne4 O-O 12. Nxc5 Bd5 13. Ne4 Nf5 14. g4 Qb6+ 15. Qf2 Qxf2+ 16. Kxf2 Ne7 17. Nf6+ Bxf6 18. exf6 Nec6 19. Ne5 Nd7 20. Nxd7 Rfd8 21. Nb6 Rab8 22. Nxd5 exd5 23. c3 d4 24. Be4 Na5 25. g5 Rbc8 26. cxd4 Rxd4 27. Bf3 Rc2+ 28. Kg3 Nc4 29. Rd1 Rd6 30. b3 Rxd1 31. Bxd1 Rc3+ 32. Kf2 Nd6 33. Bb2 Rh3 34. Kg2 Rd3 35. Be5 Rd2+ 36. Kf3 Nf5 37. Rc1 h5 38. Rc8+ Kh7 39. Bc2 Nh4+ 40. Ke3 Rxh2 41. Be4 Rxa2 42. Rf8 Ra3 43. Rxf7+ Kg8 44. Rg7+ Kh8 45. Bd5 Nf5+ 46. Ke4 Ra2 47. f7 Re2+ 48. Kf3 Re3+ 49. Kf2 1-0


[Site "https://www.chess.com"]

[Event "Titled Tuesday Blitz June 27 Early 2023"]
[White "Taspinar, Yanki"]
[Black "Manukian, Artak"]
[WhiteFideId "34561188"]
[BlackFideId "13301373"]
[WhiteElo "2661"]
[BlackElo "2447"]
[Result "1-0"]
[Round "10"]
[TimeControl "180+2"]
[Date "2023.06.27"]
[WhiteClock "0:00:43"]
[BlackClock "0:00:14"]
[Board "47"]

1. Nf3 g6 2. g3 Bg7 3. Bg2 d6 4. e4 Nf6 5. Nc3 c5 6. O-O O-O 7. d4 cxd4 8. Nxd4 Nc6 9. h3 Nxd4 10. Qxd4 Be6 11. Qa4 Qd7 12. Qb4 a5 13. Qb5 Qxb5 14. Nxb5 Bc4 15. a4 Bxf1 16. Kxf1 Rac8 17. c3 Nd7 18. Be3 Nc5 19. Ke2 h5 20. g4 hxg4 21. hxg4 Rfd8 22. g5 Kf8 23. f4 b6 24. f5 Be5 25. fxg6 fxg6 26. Bh3 e6 27. Bxc5 dxc5 28. Bxe6 Rb8 29. Rf1+ Ke7 30. Bc4 Rf8 31. Rd1 Rbd8 32. Bd5 Bb8 33. b4 Rh8 34. bxc5 bxc5 35. Kd3 Rh5 36. Rg1 Bf4 37. Na7 Rdh8 38. Kc4 Rxg5 39. Rf1 Be5 40. Rf7+ Kd6 41. Nb5# 1-0


[Site "https://www.chess.com"]

[Event "Titled Tuesday Blitz June 27 Early 2023"]
[White "Alex_Sahakyan2006"]
[Black "Philippe, Guillaume"]
[BlackFideId "36048763"]
[WhiteElo "2659"]
[BlackElo "2341"]
[Result "1-0"]
[Round "10"]
[TimeControl "180+2"]
[Date "2023.06.27"]
[WhiteClock "0:00:35"]
[BlackClock "0:00:00"]
[Board "48"]

1. e4 c5 2. Nc3 Nc6 3. Bb5 Nd4 4. Nf3 Nxb5 5. Nxb5 d6 6. d4 cxd4 7. Qxd4 Bg4 8. Qa4 Bd7 9. Qb3 Nf6 10. e5 dxe5 11. Nxe5 e6 12. O-O a6 13. Nc3 Bd6 14. Nxd7 Qxd7 15. Rd1 Qc6 16. Bg5 Be7 17. Qa4 b5 18. Qh4 O-O 19. Ne4 Nxe4 20. Bxe7 Rfe8 21. c3 Qb6 22. Qxe4 f5 23. Qf3 Rac8 24. Bg5 h6 25. Be3 Qa5 26. Rd7 Rc7 27. b4 Qa3 28. Rxc7 Qb2 29. Rf1 1-0


[Site "https://www.chess.com"]

[Event "Titled Tuesday Blitz June 27 Early 2023"]
[White "Pap, Gyula"]
[Black "Arat, Ufuk Sezen"]
[WhiteFideId "725323"]
[BlackFideId "6309089"]
[WhiteElo "2912"]
[BlackElo "2561"]
[Result "0-1"]
[Round "10"]
[TimeControl "180+2"]
[Date "2023.06.27"]
[WhiteClock "0:00:00"]
[BlackClock "0:00:03"]
[Board "49"]

1. d4 Nf6 2. c4 e6 3. Nc3 Bb4 4. Qb3 c5 5. dxc5 Bxc5 6. Nf3 O-O 7. Bg5 Nc6 8. e3 h6 9. Bh4 Be7 10. Be2 d5 11. cxd5 Nxd5 12. Bxe7 Ncxe7 13. O-O Nxc3 14. Qxc3 Nc6 15. b4 a6 16. a4 Qb6 17. b5 axb5 18. axb5 Rxa1 19. Rxa1 Ne7 20. Ne5 Nd5 21. Qa3 Rd8 22. g3 Qd6 23. Qb2 f6 24. Nc4 Qe7 25. Bf3 e5 26. Ra8 Be6 27. Qa1 Rxa8 28. Qxa8+ Kh7 29. Na5 Qb4 30. Kg2 Qd2 31. Nc4 Qc2 32. e4 Qxc4 33. exd5 Bxd5 34. Qa5 e4 35. Bg4 e3+ 36. Kh3 e2 37. Bf5+ g6 38. Qd8 gxf5 39. Qe7+ Bf7 40. Qxf6 Qe6 0-1


[Site "https://www.chess.com"]

[Event "Titled Tuesday Blitz June 27 Early 2023"]
[White "Ljukin, Sergei"]
[Black "Mayank Chakraborty"]
[WhiteFideId "14102200"]
[BlackFideId "25659766"]
[WhiteElo "2560"]
[BlackElo "2813"]
[Result "0-1"]
[Round "10"]
[TimeControl "180+2"]
[Date "2023.06.27"]
[WhiteClock "0:00:00"]
[BlackClock "0:00:01"]
[Board "50"]

1. e4 c5 2. Nf3 d6 3. d4 cxd4 4. Nxd4 Nf6 5. Nc3 a6 6. Bg5 e6 7. f4 Be7 8. Qf3 Qc7 9. O-O-O Nbd7 10. g4 h6 11. Bxf6 Bxf6 12. h4 b5 13. g5 Bxd4 14. Rxd4 Qc5 15. Rd2 Bb7 16. Bg2 O-O-O 17. Kb1 Nb6 18. b3 Kb8 19. Nd1 hxg5 20. fxg5 Rhf8 21. Nb2 f5 22. gxf6 gxf6 23. Nd3 Qc3 24. Qf2 Nd7 25. Rhd1 Rc8 26. Bh3 Rfe8 27. Bg2 Rg8 28. h5 Nc5 29. Nxc5 Qxc5 30. Qxf6 Rxg2 31. Rxg2 Bxe4 32. Rdd2 Bxg2 33. Rxg2 Qxh5 34. Qf2 Qc5 35. Qe2 e5 36. Rg7 Rc7 37. Rg6 Rf7 38. Qd2 Rf1+ 39. Kb2 Rf2 40. Qd3 Rf8 41. Rxd6 a5 42. Re6 Rc8 43. Qd2 b4 44. Rf6 e4 45. Rg6 e3 46. Qd3 e2 0-1


[Site "https://www.chess.com"]

[Event "Titled Tuesday Blitz June 27 Early 2023"]
[White "Gharibyan, Mamikon"]
[Black "Degenbaev, Aziz"]
[WhiteFideId "13308300"]
[BlackFideId "13802640"]
[WhiteElo "2782"]
[BlackElo "2557"]
[Result "1-0"]
[Round "10"]
[TimeControl "180+2"]
[Date "2023.06.27"]
[WhiteClock "0:00:01"]
[BlackClock "0:00:00"]
[Board "51"]

1. e4 c5 2. Nf3 d6 3. Bc4 Nf6 4. d3 e6 5. O-O Be7 6. Re1 O-O 7. c3 Nc6 8. Nbd2 d5 9. Bb3 b6 10. e5 Nd7 11. d4 cxd4 12. cxd4 a5 13. a3 Ba6 14. Nf1 Rc8 15. Bc2 Re8 16. Ng3 Nf8 17. Be3 b5 18. Bd3 Qb6 19. Qe2 a4 20. h4 Na5 21. Nh5 Nc4 22. Nf4 b4 23. axb4 Qxb4 24. b3 Nxe3 25. Rxa4 Bxd3 26. Qxd3 Qb6 27. fxe3 Bb4 28. Rf1 Rc3 29. Qe2 Be7 30. b4 Rec8 31. Qf2 Rc2 32. Qg3 Ng6 33. h5 Nxf4 34. exf4 Rb2 35. h6 g6 36. Rf2 Rxb4 37. Rxb4 Qxb4 38. Kh2 Bf8 39. Qh4 Qb3 40. Rf1 Rc2 41. Kh3 Qb2 42. Qg5 Rc3 43. f5 exf5 44. Qf6 Bxh6 45. e6 Qb7 46. Rb1 Qc7 47. Re1 1-0


[Site "https://www.chess.com"]

[Event "Titled Tuesday Blitz June 27 Early 2023"]
[White "chess123456s"]
[Black "Bryakin, Mikhail"]
[BlackFideId "4165314"]
[WhiteElo "2557"]
[BlackElo "2753"]
[Result "1-0"]
[Round "10"]
[TimeControl "180+2"]
[Date "2023.06.27"]
[WhiteClock "0:01:02"]
[BlackClock "0:00:16"]
[Board "52"]

1. d4 Nf6 2. Nc3 c5 3. d5 e5 4. e4 d6 5. g3 g6 6. Bg2 h5 7. h3 Bh6 8. Nge2 Bxc1 9. Qxc1 h4 10. g4 Nh7 11. O-O g5 12. a4 Na6 13. Nd1 Nf8 14. Ne3 Ng6 15. c3 Nf4 16. Nxf4 gxf4 17. Nf5 Bxf5 18. exf5 Ke7 19. Re1 Kf6 20. Bf1 Nc7 21. f3 Nxd5 22. Qd2 Ne3 23. Rxe3 fxe3 24. Qxe3 d5 25. Rd1 Qd6 26. Bc4 d4 27. Qe4 b6 28. Kf2 Rae8 29. Rg1 dxc3 30. g5+ Kg7 31. f6+ Kf8 32. bxc3 Qd2+ 33. Be2 Qf4 34. g6 Rh6 35. gxf7 Kxf7 36. Bc4+ Re6 37. Qb7+ Kxf6 38. Qg7+ Kf5 39. Qf7+ Ref6 40. Be6# 1-0


[Site "https://www.chess.com"]